 Dungeon Crawl Stone Soup version 0.27.1-3-gb3d3a73c9e (webtiles) character file.

Game seed: 14374957010859701541

10 Descartes the Changer (level 2, 0/22 HPs)
             Began as a Formicid Wanderer on Oct 6, 2021.
             Slain by a jackal (2 damage)
             ... on level 1 of the Dungeon.
             The game lasted 00:01:08 (361 turns).

Descartes the Changer (Formicid Wanderer)            Turns: 361, Time: 00:01:09

Health: 0/22       AC:  2    Str: 18    XL:     2   Next: 30%
Magic:  5/5        EV: 11    Int: 10    God:
Gold:   13         SH:  0    Dex:  9    Spells: 4/5 levels left

rFire    . . .     SeeInvis +   a - +2 spear
rCold    . . .     Faith    .   (no shield)
rNeg     . . .     Spirit   .   c - +0 robe
rPois    .         Reflect  .   (helmet unavailable)
rElec    .         Harm     .   (no cloak)
rCorr    .         Rampage  .   (no gloves)
Will     .....                  (no boots)
Stlth    +.........             (no amulet)
HPRegen  0.07/turn              (no ring)
MPRegen  0.09/turn              (no ring)

@: no status effects
A: permanent stasis, dig shafts and tunnels, antennae 3, four strong arms
a: Dig, Shaft Self


You were on level 1 of the Dungeon.
You visited 1 branch of the dungeon, and saw 1 of its levels.

You collected 13 gold pieces.

Inventory:

Hand Weapons
 a - a +2 spear (weapon)
Missiles
 d - 19 stones
Armour
 c - a +0 robe (worn)
Potions
 b - a potion of lignification
 e - 2 potions of flight {unknown}
 f - a potion of brilliance {unknown}


   Skills:
 - Level 2.1 Fighting
 - Level 1.0 Throwing
 - Level 1.2 Stealth
 - Level 1.2 Shields
 - Level 2.1 Spellcasting
 - Level 3.2 Transmutations
 + Level 1.8 Ice Magic


You had 4 spell levels left.
You knew the following spells:

 Your Spells              Type           Power      Damage    Failure   Level
a - Freeze                Ice            16%        1d4       14%         1

Your spell library contained the following spells:

 Spells                   Type           Power      Damage    Failure   Level
 Ozocubu's Armour         Ice            4%         N/A       41%         3


Dungeon Overview and Level Annotations

Branches:
Dungeon (1/15)

Altars:


Innate Abilities, Weirdness & Mutations

You cannot be hasted, slowed, berserked, paralysed or teleported.
You can dig through walls and to a lower floor.
You have a pair of large antennae on your head. (SInv)
Your four strong arms can wield two-handed weapons with a shield.


Message History

The jackal barely misses you. The jackal misses you.
You are too injured to fight recklessly!
You are too injured to fight recklessly!
You are too injured to fight recklessly!
You are too injured to fight recklessly!
You are too injured to fight recklessly!
You are too injured to fight recklessly!
You are too injured to fight recklessly!
You are too injured to fight recklessly!
You are too injured to fight recklessly!
You are too injured to fight recklessly!
You are too injured to fight recklessly!
You are too injured to fight recklessly!
You are too injured to fight recklessly!
You are too injured to fight recklessly!
You are too injured to fight recklessly!
You are too injured to fight recklessly!
The jackal barely misses you.
The jackal bites you but does no damage.
The jackal bites you but does no damage.
You see here a pink potion.
Found a bubbling golden potion.
You barely miss the endoplasm. The endoplasm freezes you.
You are frozen.
* * * LOW HITPOINT WARNING * * *
You puncture the endoplasm!
You kill the endoplasm!
You hit the jackal.
The jackal is heavily wounded.
The jackal bites you.
* * * LOW HITPOINT WARNING * * *
You hit the jackal but do no damage.
The jackal is heavily wounded.
The jackal bites you.
* * * LOW HITPOINT WARNING * * *
You hit the jackal.
You kill the jackal!
You closely miss the jackal. The jackal bites you.
You die...

.. #. ........#####.##
...###. ..............#.
.......#........#####.#.
#...####.########.#.
#..h..............#≈
##.h.......#####..#≈
###!.#.....# ##..#≈
####...##..###...#≈
#.@hh.###..##....#≈
#..##.## ##.......#≈
..... #)# #.......#≈
#####. ..# #.....###≈
###..# ##....# #≈ ..#
..#..# #≈ ##..
..#.....#≈ !. #.#
..##.#≈ .. ..# .#≈


You could see 2 jackals.

Vanquished Creatures
  3 endoplasms (D:1)
  A hobgoblin (D:1)
  A jackal (D:1)
  A ball python (D:1)
  3 frilled lizards (D:1)
  A rat (D:1)
10 creatures vanquished.

Notes
Turn   | Place    | Note
-------+----------+-------------------------------------------
     0 | D:1      | Descartes the Formicid Wanderer began the quest for the
                  | Orb.
     0 | D:1      | Descartes set off with the following items: a +2 spear, a
                  | potion of lignification, a +0 robe; and the following spell
                  | memorised: Freeze; and the following spells available to
                  | memorise: Ozocubu's Armour
     0 | D:1      | Reached XP level 1. HP: 16/16 MP: 3/3
   264 | D:1      | Reached skill level 1 in Ice Magic
   270 | D:1      | Reached XP level 2. HP: 17/22 MP: 5/5
   361 | D:1      | Slain by a jackal

Illustrated notes

Levels and vault maps discovered:
D:1:      zaba_arrival_water, layout_rooms, basic_ecumenical_altar

Skill      XL: |  1 |
---------------+----+-----
Ice Magic      | 1 |  1.8
Fighting       | |  2.1
Throwing       | |  1.0
Stealth        | |  1.2
Shields        | |  1.2
Spellcasting   | |  2.1
Transmutations | |  3.2

Action                   || total
-------------------------++-------
Melee: Spear             ||    36
Armor: Robe              ||     8
Dodge: Dodged            ||    25
